 Dungeon Crawl Stone Soup version 0.19-a0-1792-g28b16ba (webtiles) character file.

183 TheGoonsmith the Conjurer (level 5, -2/35 HPs)
             Began as a Demonspawn Wizard on Oct 4, 2016.
             Slain by a worker ant (8 damage)
             ... on level 4 of the Dungeon.
             The game lasted 00:06:16 (4230 turns).

TheGoonsmith the Conjurer (Demonspawn Wizard)       Turns: 4230, Time: 00:06:17

Health: -2/35      AC:  2    Str:  8    XL:     5   Next: 35%
Magic:  11/11      EV: 12    Int: 20    God:
Gold:   192        SH:  0    Dex: 11    Spells: 3 memorised, 5 levels left

rFire  + . .     SeeInvis .     t - +0 quarterstaff
rCold  . . .     Gourm    .     r - +0 robe (curse)
rNeg   . . .     Faith    .     (shield currently unavailable)
rPois  .         Spirit   .     b - +0 hat
rElec  .         Dismiss  .     (no cloak)
rCorr  .         Reflect  .     (no gloves)
MR     .....     Harm     .     (no boots)
Stlth  ++........               (no amulet)
                                (no ring)
                                (no ring)

@: lethally poisoned (-2 -> -26)
A: talons 1, fire resistance 1, sturdy frame 2
a: no special abilities


You were on level 4 of the Dungeon.
You were not hungry.

You visited 1 branch of the dungeon, and saw 4 of its levels.

You collected 192 gold pieces.

Inventory:

Hand Weapons
 e - a +0 club
 m - a +0 mace
 q - a +0 flail
 t - a +0 quarterstaff (weapon)
Missiles
 d - 2 tomahawks (quivered)
Armour
 a - a +0 robe
 b - a +0 hat (worn)
 r - a cursed +0 robe (worn)
 s - a cursed +0 robe
Scrolls
 l - a scroll of random uselessness {unknown}
 n - a scroll of teleportation {unknown}
 p - 3 scrolls of identify {unknown}
 v - 2 scrolls of enchant weapon {unknown}
 w - a scroll of immolation {unknown}
 y - a scroll of enchant armour {unknown}
Potions
 h - a potion of cure mutation {unknown}
 u - a potion of heal wounds {unknown}
Books
 c - a book of Minor Magic

   Spells                             Type                      Level
   a - Magic Dart                     Conjuration                  1
   b - Blink                          Translocation                2
   c - Call Imp                       Summoning                    2
   d - Repel Missiles                 Charms/Air                   2
   e - Slow                           Hexes                        2
   f - Conjure Flame                  Conjuration/Fire             3
   g - Mephitic Cloud                 Conjuration/Poison/Air       3
Comestibles
 g - a beef jerky
 j - 2 fruits
 o - a meat ration
 z - a bread ration


   Skills:
 - Level 1.7 Dodging
 - Level 1.7 Stealth
 + Level 4.1 Spellcasting
 * Level 4.2 Conjurations
   Level 1.0 Summonings
   Level 0.8 Translocations


You had 5 spell levels left.
You knew the following spells:

 Your Spells              Type           Power        Failure   Level  Hunger
a - Magic Dart            Conj           ###.         2%          1    None
c - Conjure Flame         Conj/Fire      ##......     17%         3    ###....
x - Mephitic Cloud        Conj/Pois/Air  #.......     24%         3    ###....


Dungeon Overview and Level Annotations

Branches:
Dungeon (4/15)
 Temple: D:4-7

Altars:


Innate Abilities, Weirdness & Mutations

You have sharp toenails.
Your flesh is heat resistant. (rF+)
Your movements are less encumbered by armour. (ER -4)


Message History

Aim: a worker ant (heavily wounded)
The magic dart hits the worker ant.
The worker ant is heavily wounded.
You feel sick. The worker ant bites you!
* * * LOW HITPOINT WARNING * * *
You are more poisoned.
The worker ant poisons you!
Casting: Magic Dart
Confirm with . or Enter, or press ? or * to list all spells.
Aiming: Magic Dart
Press: ? - help, Shift-Dir - straight line, f/p - worker ant
Aim: a worker ant (heavily wounded)
The magic dart hits the worker ant.
The worker ant is heavily wounded.
* * * LOW HITPOINT WARNING * * *
You feel sick. The worker ant barely misses you.
It was a potion of magic.
Magic courses through your body.
* * * LOW HITPOINT WARNING * * *
You feel sick. The worker ant bites you!
You die...

.... #.. ... #..
.). # #.. ..
#.##..# .#
#......####.####.#
#.................
#....a.<.......
#.#.@###.####.#
#........#
###..##### #..#
..># ##.## #. #.


You could see a worker ant.

Vanquished Creatures
  4 gnolls
  3 adders
  2 oozes (D:3)
  4 worms
  2 leopard geckos
  7 orcs (D:3)
  3 ball pythons
  A giant cockroach (D:3)
  9 goblins
  7 hobgoblins
  9 jackals (D:1)
  12 kobolds
  3 quokkas (D:2)
  6 bats
  6 frilled lizards
  13 rats
91 creatures vanquished.

Notes
Turn   | Place    | Note
-------+----------+-------------------------------------------
     0 | D:1      | TheGoonsmith the Demonspawn Wizard began the quest for the Orb.
     0 | D:1      | Reached XP level 1. HP: 13/13 MP: 4/4
   161 | D:2      | Gained mutation: Your movements are slightly less encumbered by armour. (ER -2) [demonic ancestry]
   161 | D:2      | Reached XP level 2. HP: 3/19 MP: 0/6
   856 | D:2      | Gained mutation: Your flesh is heat resistant. (rF+) [demonic ancestry]
   856 | D:2      | Reached XP level 3. HP: 13/24 MP: 1/7
  1095 | D:1      | Learned a level 3 spell: Mephitic Cloud
  1099 | D:1      | Learned a level 3 spell: Conjure Flame
  2107 | D:2      | Gained mutation: You have sharp toenails. [demonic ancestry]
  2107 | D:2      | Reached XP level 4. HP: 26/30 MP: 0/9
  3470 | D:2      | Gained mutation: Your movements are less encumbered by armour. (ER -4) [demonic ancestry]
  3470 | D:2      | Reached XP level 5. HP: 21/35 MP: 0/11
  4230 | D:4      | Slain by a worker ant

Vault maps used:
D:1:      lightli_arrival_isolated_outpost, st_stairs_8
D:3:      first_bread
D:4:      serial_shops, kennysheep_little_box, kennysheep_mini,
          nicolae_shop_trees, hangedman_glass_teeth, uniq_natasha

Skill      XL: |  1  2  3  4  5 |
---------------+----------------+-----
Conjurations   | 2 3 4 |  4.2
Spellcasting   | 4 |  4.1
Dodging        | |  1.7
Stealth        | |  1.7
Summonings     | |  1.0
Translocations | |  0.8

Action                   |  1- 3 |  4- 6 || total
-------------------------+-------+-------++-------
Melee: Club              |    30 |       ||    30
       Quarterstaff      |       |    23 ||    23
       Mace              |       |    15 ||    15
       Kick              |       |     6 ||     6
 Cast: Magic Dart        |    94 |   112 ||   206
  Use: Scroll            |       |     2 ||     2
       Potion            |       |     1 ||     1
 Stab: Sleeping          |     1 |       ||     1
  Eat: Chunk             |     3 |     3 ||     6
       Bread ration      |       |     1 ||     1
Armor: Robe              |     9 |     6 ||    15
Dodge: Dodged            |    35 |    40 ||    75
